 Dungeon Crawl Stone Soup version 0.29-a0-483-g69413ace17 (webtiles) character file.

Game seed: 490675011494824885

6 siradein the Skirmisher (level 1, -1/18 HPs)
             Began as a Demonspawn Fighter on May 26, 2022.
             Slain by a gnoll
             ... wielding a +0 flail
              (8 damage)
             ... on level 1 of the Dungeon.
             The game lasted 00:00:58 (273 turns).

siradein the Skirmisher (Demonspawn Fighter)         Turns: 273, Time: 00:00:58

Health: -1/18      AC:  9    Str: 16    XL:     1   Next: 75%
Magic:  1/1        EV:  6    Int:  9    God:
Gold:   9          SH:  4    Dex: 12    Spells: 0/0 levels left

rFire   . . .      SeeInvis .   a - +0 flail
rCold   . . .      Faith    .   c - +0 buckler
rNeg    . . .      Spirit   .   f - +0 chain mail
rPois   .          Reflect  .   (no helmet)
rElec   .          Harm     .   (no cloak)
rCorr   .          Rampage  .   (no gloves)
Will    .....                   (no boots)
Stlth   ..........              (no amulet)
HPRegen 0.06/turn               (no ring)
MPRegen 0.07/turn               (no ring)

@: no status effects
A: no striking features
a: no special abilities


You were on level 1 of the Dungeon.
You visited 1 branch of the dungeon, and saw 1 of its levels.

You collected 9 gold pieces.

Inventory:

Hand Weapons
 a - a +0 flail (weapon)
Armour
 c - a +0 buckler (worn)
 f - a +0 chain mail (worn)
Jewellery
 e - an amulet of faith
Scrolls
 b - a scroll of summoning {unknown}
Potions
 d - a potion of might


   Skills:
 + Level 3.1 Fighting
 + Level 1.9 Maces & Flails
 + Level 2.8 Armour
 + Level 2.8 Shields


You couldn't memorise any spells.
You didn't know any spells.
Your spell library was empty.

Dungeon Overview and Level Annotations

Branches:
Dungeon (1/15)

Altars:


Message History

Things that are here:
a +0 dagger; a +0 chain mail; a kobold corpse You start removing your armour.
You continue taking off your +0 scale mail. x4
You finish taking off your +0 scale mail.
You start putting on your armour.
You continue putting on your +0 chain mail. x5
You finish putting on your +0 chain mail.
You drop a +0 scale mail.
You open the door.
There is an open door here.
A ball python comes into view.
You see here 9 gold pieces.
A ball python is nearby!
A ball python is nearby!
A ball python is nearby!
A ball python is nearby!
You block the ball python's attack. The ball python grabs you.
The ball python constricts you.
You sock the ball python!
You kill the ball python!
No target in view!
No target in view!
You now have 9 gold pieces.
Found 18 stones.
Found a dagger.
Found 17 stones.
b - a scroll labelled FUORPH ABBIECH You open the door.
There is an open door here.
You see here 17 stones.
A gnoll comes into view. It is wielding a +0 flail.
The gnoll shouts!
You see here 17 stones.
You hit the gnoll.
The gnoll is heavily wounded.
The gnoll hits you with a +0 flail!
Ouch! That really hurt!
The gnoll hits you with a +0 flail!
You die...

#....##.##.♣ .
.(.......#.# .
#....#...#.# ♣♣#
. #... #.....#
... ###
#.....###)###.#
#..............
#.......#####
#.#..###...#
#.###.@g...#####
#. #..###..#...#
#. #..# #......#
#.. #..##'## #..
#g.#...# #..
#..#..8#
.######(#######
..............##.
.##..#..#........


You could see a gnoll.

Vanquished Creatures
  2 endoplasms (D:1)
  A kobold (D:1)
  A quokka (D:1)
  A ball python (D:1)
5 creatures vanquished.

Notes
Turn   | Place    | Note
-------+----------+-------------------------------------------
     0 | D:1      | siradein the Demonspawn Fighter began the quest for the
                  | Orb.
     0 | D:1      | Reached XP level 1. HP: 18/18 MP: 1/1
   273 | D:1      | Slain by a gnoll

Illustrated notes

Levels and vault maps discovered:
D:1:      minmay_arrival_doors, layout_basic,
          shapermc_ecumenical_altar_mp_vishouse, st_stairs_8,
          hangedman_feature_mirror, serial_bayou_crossing

Action                   || total
-------------------------++-------
Melee: Flail             ||     9
Armor: Scale mail        ||     1
Dodge: Dodged            ||     1
Block: Buckler           ||     1

Table legend: (Time is in decaauts)
 A = Elapsed time spent in this place.
 B = Non-inter-level travel time spent in this place.
 C = Inter-level travel time spent in this place.
 D = Time resting spent in this place.
 E = Time spent auto-exploring this place.
 F = Levels seen in this place.
 G = Mean time per level.
                   A        B        C        D        E       F      G
               +--------+--------+--------+--------+--------+-----+--------+
         Total |    275 |    275 |      0 |      0 |    212 |   1 |  275.0 |
       Dungeon |    275 |    275 |      0 |      0 |    212 |   1 |  275.0 |
               +--------+--------+--------+--------+--------+-----+--------+

Top non-repeatable levels by time:
     D:1: 275 daAuts
